 Dungeon Crawl Stone Soup version 0.21.1-1-g345015f (webtiles) character file.

97 Kagorn the Covered (level 5, 0/36 HPs)
             Began as a Halfling Fighter on July 5, 2018.
             Slain by a gnoll
             ... wielding a cursed -1 whip
              (4 damage)
             ... on level 2 of the Dungeon.
             The game lasted 00:05:56 (1352 turns).

Kagorn the Covered (Halfling Fighter)               Turns: 1352, Time: 00:05:57

Health: 0/36       AC:  4    Str: 17    XL:     5   Next: 0%
Magic:  5/5        EV: 11    Int:  6    God:
Gold:   34         SH: 10    Dex: 15    Spells: 4/4 levels left

rFire    . . .     SeeInvis .   h - +3 mace
rCold    . . .     Gourm    .   c - +0 shield
rNeg     . . .     Faith    .   i - +0 troll leather armour
rPois    .         Spirit   .   (no helmet)
rElec    .         Reflect  .   (no cloak)
rCorr    .         Harm     .   (no gloves)
MR       .....                  (no boots)
Stlth    ++........             (no amulet)
HPRegen  0.52/turn              (no ring)
MPRegen  0.09/turn              (no ring)

@: no status effects
A: small, mutation resistance 1
a: no special abilities


You were on level 2 of the Dungeon.
You were not hungry.

You visited 1 branch of the dungeon, and saw 2 of its levels.

You collected 34 gold pieces.

Inventory:

Hand Weapons
 a - a +0 rapier
 g - a +0 hunting sling
 h - a +3 mace (weapon)
Missiles
 l - 3 needles of frenzy
Armour
 c - a +0 shield (worn)
 i - a +0 troll leather armour (worn)
Jewellery
 k - an uncursed ring of poison resistance {unknown}
Wands
 e - a wand of random effects (26)
Scrolls
 j - a scroll of identify
Potions
 d - a potion of might
Comestibles
 f - 4 rations


   Skills:
 * Level 3.3 Fighting
 - Level 3.0 Short Blades
 * Level 1.1 Maces & Flails
 + Level 3.7 Armour
 + Level 1.2 Dodging
 + Level 1.5 Stealth
 + Level 3.6 Shields


You had 4 spell levels left.
You didn't know any spells.

Dungeon Overview and Level Annotations

Branches:
Dungeon (2/15)

Altars:
Nemelex Xobeh


Innate Abilities, Weirdness & Mutations

You are small and have problems with some larger weapons.
You are somewhat resistant to further mutation.


Message History

The kobold hits you but does no damage. The gnoll hits you with a whip!
* * * LOW HITPOINT WARNING * * *
You block the gnoll's attack.
You closely miss the gnoll.
The gnoll is heavily wounded.
The kobold hits you but does no damage. You block the gnoll's attack. x2
You hit the gnoll.
You kill the gnoll!
You have reached level 5!
You feel agile. The kobold misses you. The gnoll barely misses you.
You block the kobold's attack. You block the gnoll's attack.
You hit the gnoll.
The gnoll is lightly wounded.
The gnoll hits you but does no damage. The kobold hits you.
* * * LOW HITPOINT WARNING * * *
You hit the gnoll.
The gnoll is moderately wounded.
You block the kobold's attack. The gnoll hits you with a whip.
You die...

# ### # #. ..# # #.######.# ###
######## #......#.# ##.##
.......# #..)...#(#####...###.
.......# #...g))((......†.....
######.# #...@K.#.#####...#### #
####.# #...)....# ##.## # #....#
##.#.##### #.# # #.##.# #.#..#
#.# ###.##.# #.###.# ##'##
.......# ##.#.## ##...## ###.####
#.#### ##.....## ##.## #.##.##
##.......##
##...#########.#...####.........#


You could see a gnoll and a kobold.

Vanquished Creatures
  Jessica (D:2)
  3 gnolls (D:2)
  An ooze (D:2)
  2 dart slugs (D:1)
  A leopard gecko (D:1)
  A giant cockroach (D:1)
  2 goblins (D:2)
  3 hobgoblins
  3 jackals (D:1)
  4 bats
  4 frilled lizards
  8 kobolds
  4 rats
37 creatures vanquished.

Notes
Turn   | Place    | Note
-------+----------+-------------------------------------------
     0 | D:1      | Kagorn the Halfling Fighter began the quest for the Orb.
     0 | D:1      | Reached XP level 1. HP: 15/15 MP: 1/1
   116 | D:1      | Reached XP level 2. HP: 10/20 MP: 2/2
   706 | D:1      | Reached skill level 1 in Stealth
   730 | D:1      | Reached XP level 3. HP: 25/25 MP: 3/3
  1163 | D:2      | Noticed Jessica
  1176 | D:2      | Killed Jessica
  1176 | D:2      | Reached skill level 1 in Dodging
  1176 | D:2      | Reached XP level 4. HP: 28/31 MP: 4/4
  1249 | D:2      | Found a sparkling altar of Nemelex Xobeh.
  1343 | D:2      | Reached skill level 1 in Maces & Flails
  1350 | D:2      | Reached XP level 5. HP: 3/36 MP: 5/5
  1352 | D:2      | Slain by a gnoll

Skill      XL: |  1  2  3  4 |
---------------+-------------+-----
Stealth        | 1 |  1.5
Fighting       | 3 |  3.3
Short Blades   | 3 |  3.0
Dodging        | 1 |  1.2
Maces & Flails | 1 |  1.1
Armour         | |  3.7
Shields        | |  3.6

Action                   |  1- 3 |  4- 6 || total
-------------------------+-------+-------++-------
Melee: Rapier            |    79 |       ||    79
       Mace              |    22 |    26 ||    48
  Use: Scroll            |     3 |       ||     3
       Potion            |       |     1 ||     1
 Stab: Sleeping          |     2 |     1 ||     3
  Eat: Ration            |     1 |       ||     1
Armor: Scale mail        |    23 |       ||    23
       Troll leather arm |     8 |    13 ||    21
Dodge: Dodged            |    38 |    28 ||    66
Block: Shield            |    65 |    37 ||   102
